 Dungeon Crawl Stone Soup version 0.27.1-34-g3ba077fa99 (webtiles) character file.

Game seed: 140611993665188705

215874 doobhtoobh the Unseen (level 19, -4/112 HPs)
             Began as a Kobold Enchanter on Dec 31, 2021.
             Was a Follower of Uskayaw.
             Slain by an earth elemental (14 damage)
             ... summoned by a deep elf elementalist
             ... on level 1 of the Elven Halls on Jan 5, 2022.
             The game lasted 04:02:06 (39649 turns).

doobhtoobh the Unseen (Kobold Enchanter)           Turns: 39649, Time: 04:02:06

Health: -4/112     AC: 25    Str:  5    XL:     19   Next: 77%
Magic:  25/33      EV: 17    Int: 28    God:    Uskayaw [*.....]
Gold:   655        SH:  8    Dex: 24    Spells: 20/38 levels left

rFire    + . .     SeeInvis +   m - +7 Spriggan's Knife {stab, EV+4 Stlth+}
rCold    . . .     Faith    +   K - +0 buckler
rNeg     + + .     Spirit   .   s - +2 pearl dragon scales
rPois    +         Reflect  .   u - +0 helmet of the Cicada {rF+ Will+ Int+3}
rElec    .         Harm     .   h - +2 cloak
rCorr    .         Rampage  +   R - +0 pair of gloves
Will     ++...                  Q - +1 pair of boots "Woadeh" {Rampage Dex+3}
Stlth    +++++++...             x - amulet "Kiseg" {Faith +Inv}
HPRegen  0.28/turn              F - ring "Asedeli" {rN+ Int+6 SInv}
MPRegen  0.23/turn              L - ring of poison resistance

@: confusing by touch, about to teleport, studying 3 skills
A: small, no large weapons, nightstalker 3
}: 1/15 runes: decaying
a: Renounce Religion, Evoke Invisibility, Stomp


You were on level 1 of the Elven Halls.
You worshipped Uskayaw.
Uskayaw was aware of your devotion.
You visited 7 branches of the dungeon, and saw 32 of its levels.
You also visited: Gauntlet and Ice Cave.

You collected 3221 gold pieces.
You spent 2566 gold pieces at shops.

Inventory:

Hand Weapons
 m - the +7 Spriggan's Knife (weapon) {stab, EV+4 Stlth+}
   (You found it on level 4 of the Dungeon)

   It is more effective when stabbing unaware enemies, treating them as though
   they were completely helpless.
   EV:        It affects your evasion (+4).
   Stlth:     It makes you more stealthy.
 t - the +2 quick blade of Bifrux {drain, rElec Will++ Int-2 Stlth+}
   (You acquired it on level 3 of the Swamp)

   A truly terrible weapon, it drains the life of any living foe it strikes.
   Int:       It affects your intelligence (-2).
   rElec:     It insulates you from electricity.
   Will:      It greatly increases your willpower.
   Stlth:     It makes you more stealthy.
Missiles
 b - 90 poisoned darts
 i - 5 datura-tipped darts
 r - a throwing net
 y - 9 curare-tipped darts
Armour
 h - a +2 cloak (worn)
 s - +2 pearl dragon scales (worn)
 u - the +0 helmet of the Cicada (worn) {rF+ Will+ Int+3}
   (You found it in a Gauntlet)

   Int:       It affects your intelligence (+3).
   rF:        It protects you from fire.
   Will:      It increases your willpower.
 K - a +0 buckler (worn)
 Q - the +1 pair of boots "Woadeh" (worn) {Rampage Dex+3}
   (You found it on level 12 of the Dungeon)

   Dex:       It affects your dexterity (+3).
   Rampage:   It bestows one free step when moving towards enemies.
 R - a +0 pair of gloves (worn)
Jewellery
 l - a ring of protection from fire
 n - a ring of willpower
 q - the macabre finger necklace {rN+}
   (You found it on level 10 of the Dungeon)

   [amulet of nothing]

   It enables you to equip an extra ring.
   rN:        It protects you from negative energy.
 x - the amulet "Kiseg" (around neck) {Faith +Inv}
   (You took it off a minotaur in a Gauntlet)

   [amulet of faith]

   It allows you to gain divine favour quickly.
   +Inv:      It lets you turn invisible.
 B - the amulet of Guum {Spirit rF+ Will+}
   (You acquired it on level 4 of the Swamp)

   [amulet of guardian spirit]

   It causes incoming damage to be divided between your reserves of health and
   magic.
   rF:        It protects you from fire.
   Will:      It increases your willpower.
 F - the ring "Asedeli" (left hand) {rN+ Int+6 SInv}
   (You found it on level 4 of the Swamp)

   [ring of intelligence]

   Int:       It affects your intelligence (+6).
   rN:        It protects you from negative energy.
   SInv:      It lets you see invisible.
 H - a ring of protection from fire
 J - a ring of willpower
 L - a ring of poison resistance (right hand)
Wands
 d - a wand of acid (14)
 e - a wand of mindburst (19)
 D - a wand of paralysis (21)
 I - a wand of iceblast (57)
 U - a wand of flame (96)
 Y - a wand of charming (16)
 Z - a wand of digging (7)
Scrolls
 a - 4 scrolls of identify
 g - 5 scrolls of summoning
 j - 6 scrolls of teleportation
 k - 10 scrolls of amnesia
 o - 3 scrolls of magic mapping
 w - 3 scrolls of enchant weapon
 C - a scroll of brand weapon
 G - 2 scrolls of fear
Potions
 c - 11 potions of might
 f - 12 potions of curing
 z - 6 potions of flight
 A - 2 potions of cancellation
 M - 3 potions of brilliance
 O - 2 potions of ambrosia
 T - 2 potions of berserk rage
 W - 3 potions of mutation
Miscellaneous
 p - a lightning rod (4/4)
 P - a tin of tremorstones (2/2)
 X - a phial of floods


   Skills:
 - Level 10.0 Fighting
 - Level 10.0 Short Blades
 - Level 4.0 Throwing
 + Level 10.6 Armour
 - Level 15.0 Dodging
 + Level 16.4 Stealth
 - Level 8.0 Shields
 - Level 10.0 Spellcasting
 - Level 4.0 Conjurations
 - Level 14.0 Hexes
 - Level 10.0 Translocations
 - Level 2.0 Ice Magic
 - Level 3.0 Air Magic
 - Level 3.0 Poison Magic
 + Level 10.0 Invocations
 - Level 8.0 Evocations


You had 20 spell levels left.
You knew the following spells:

 Your Spells              Type           Power      Damage    Failure   Level
a - Corona                Hex            83%        N/A       1%          1
b - Ensorcelled Hibernat  Hex/Ice        100%       N/A       4%          2
c - Confusing Touch       Hex            75%        N/A       1%          3
d - Invisibility          Hex            37%        N/A       36%         6
e - Swiftness             Air            30%        N/A       56%         3
f - Mephitic Cloud        Conj/Pois/Air  32%        N/A       52%         3

Your spell library contained the following spells:

 Spells                   Type           Power      Damage    Failure   Level
 Slow                     Hex            75%        N/A       1%          2
 Portal Projectile        Hex/Tloc       100%       N/A       1%          3
 Tukima's Dance           Hex            75%        N/A       1%          3
 Dazzling Flash           Conj/Hex       100%       N/A       6%          3
 Passage of Golubria      Tloc           N/A        N/A       13%         4
 Magic Dart               Conj           100%       1d8       16%         1
 Shock                    Conj/Air       100%       1d9       19%         1
 Fulminant Prism          Conj/Hex       29%        3d14      19%         4
 Searing Ray              Conj           72%        3d6       22%         2
 Static Discharge         Conj/Air       33%        N/A       28%         2
 Foxfire                  Conj/Fire      100%       2x1d9     34%         1
 Freeze                   Ice            100%       1d11      34%         1
 Poisonous Vapours        Pois/Air       60%        N/A       34%         2
 Sting                    Tmut/Pois      88%        1d7       38%         1
 Leda's Liquefaction      Hex/Erth       26%        N/A       41%         4
 Silence                  Hex/Air        28%        N/A       54%         5
 Animate Skeleton         Necr           28%        N/A       61%         1
 Beastly Appendage        Tmut           28%        N/A       61%         1
 Pain                     Necr           56%        1d6       61%         1
 Conjure Flame            Conj/Fire      25%        6-21      71%         3
 Frozen Ramparts          Ice            50%        1d7       71%         3
 Ozocubu's Armour         Ice            25%        N/A       71%         3
 Stone Arrow              Conj/Erth      50%        3d10      71%         3
 Call Imp                 Summ           14%        N/A       75%         2
 Passwall                 Tmut/Erth      11%        N/A       75%         2
 Wereblood                Tmut           14%        N/A       75%         2
 Spider Form              Tmut/Pois      11%        N/A       77%         3
 Yara's Violent Unravell  Hex/Tmut       26%        3d11      77%         5
 Ignite Poison            Fire/Tmut/Pois 19%        N/A       83%         3
 Airstrike                Air            15%        N/A       92%         4
 Hailstorm                Conj/Ice       30%        3d8       92%         4
 Olgreb's Toxic Radiance  Pois           30%        N/A       92%         4
 Call Canine Familiar     Summ           14%        N/A       93%         3
 Vampiric Draining        Necr           7%         2d7       93%         3
 Sticky Flame             Conj/Fire      25%        2d5       98%         4
 Ice Form                 Ice/Tmut       19%        N/A       99%         4
 Summon Ice Beast         Ice/Summ       19%        N/A       99%         4
 Animate Dead             Necr           7%         N/A       100%        4
 Dispel Undead            Necr           14%        3d10      100%        4
 Bolt of Magma            Conj/Fire/Erth 10%        4d7       100%        5
 Borgnjor's Vile Clutch   Necr/Erth      7%         N/A       100%        5
 Statue Form              Tmut/Erth      9%         N/A       100%        6
 Haunt                    Necr/Summ      7%         N/A       100%        7
 Ozocubu's Refrigeration  Ice            12%        4d7       100%        7
 Infestation              Necr           7%         N/A       100%        8
 Lehudib's Crystal Spear  Conj/Erth      12%        10d4      100%        8
 Shatter                  Erth           7%         3d9*      100%        9


Dungeon Overview and Level Annotations

Branches:
Dungeon (15/15)            Temple (1/1) D:5            Lair (6/6) D:10
  Swamp (4/4) Lair:2        Snake (3/4) Lair:4        Slime (0/5) Lair:5
    Orc (2/2) D:9             Elf (1/3) Orc:2        Vaults (0/5) D:14
 Depths (0/5) D:15          IceCv (visited)         Gauntlet (visited)

Altars:
Ashenzari
Cheibriados
Dithmenos
Elyvilon
Fedhas
Gozag
Hepliaklqana
Kikubaaqudgha
Makhleb
Nemelex Xobeh
Okawaru
Qazlal
Ru
Sif Muna
Trog
Uskayaw
Vehumet
Wu Jian
Xom
Yredelemnul
Zin
The Shining One
Beogh

Shops:
D:2 =:[:   D:5 (   D:9 ?   Orc:2 ?[(!   Snake:2 =

Annotations:
D:10 1 runed translucent door
Lair:1 exclusion: 2 oklob plants
Lair:6 exclusion: obsidian statue


Innate Abilities, Weirdness & Mutations

You are small and have problems with some larger weapons.
You are completely attuned to the shadows.


Message History

Some walls begin to move on their own! x2
The +0 vorpal war axe hits you but does no damage.
You hear a shout!
You hear rumbling.
The +0 vorpal war axe hits you! The +0 vorpal war axe hits you.
Casting: Confusing Touch (safe; 1% risk of failure)
Confirm with . or Enter, or press ? or * to list all spells.
Your hands begin to glow red.
A fireball appears from out of your range of vision.
The fireball explodes!
The fireball engulfs the +0 vorpal war axe!
The +0 vorpal war axe resists.
The fireball engulfs you! You resist. The +0 vorpal war axe hits you!
* * * LOW HITPOINT WARNING * * *
x2 Some walls begin to move on their own!
As you read the scroll of teleportation, it crumbles to dust.
You feel strangely unstable.
The +0 vorpal war axe hits you but does no damage.
The +0 vorpal war axe hits you.
* * * LOW HITPOINT WARNING * * *
x2 Your pearl dragon scales prevents you from hitting the +0 vorpal war axe.
The +0 vorpal war axe is moderately damaged.
You hit the +0 vorpal war axe but do no damage.
The +0 vorpal war axe is moderately damaged.
You block the +0 vorpal war axe's attack.
The earth elemental hits you.
* * * LOW HITPOINT WARNING * * *
The earth elemental completely misses you.
You hit the +0 vorpal war axe but do no damage.
The +0 vorpal war axe is lightly damaged.
The +0 vorpal war axe hits you but does no damage.
You hit the +0 vorpal war axe but do no damage.
The +0 vorpal war axe is lightly damaged.
You hit the +0 vorpal war axe but do no damage.
The +0 vorpal war axe is lightly damaged.
The +0 vorpal war axe hits you!
* * * LOW HITPOINT WARNING * * *
x2 The earth elemental hits you!
You die...

#..........#...#.##
#........E.#...##.#
#..........#...#.##
........#...###..#
......E..E.#..##
......####.E.##
......# #e.##
....... #(E# #.....
#@E# #E## ..# ####


You could see a deep elf elementalist (repels missiles), 5 earth elementals and
a +0 vorpal war axe.

Vanquished Creatures
  Bai Suzhen (Swamp:4)
  Saint Roka (Orc:2)
  Nikola (Swamp:4)
  A tentacled monstrosity (Swamp:4)
  A lich (D:10)
  Kirke (Swamp:2)
  4 thorn hunters (Swamp:4)
  2 nagarajas
  Donald (Snake:1)
  Roxanne (D:15)
  Aizul (Snake:1)
  2 frost giants
  The ghost of Flarelocke the Grappler, a journeyman TrBe of Trog (Swamp:1)
  Louise (D:14)
  2 ghouls (Swamp:4)
  A stone giant (shapeshifter) (D:10)
  A minotaur (Gauntlet)
  Nessos (Orc:2)
  8 bunyips
  4 dire elephants (Lair:6)
  4 eleionomae
  A fire dragon (Lair:2)
  A yaktaur captain (D:14)
  31 hydras
  2 salamander tyrants
  A rakshasa (D:15)
  A ghost crab (Swamp:4)
  4 naga warriors
  The ghost of 0gre the Destroyer, a journeyman GnCj of Vehumet (D:10)
  10 boulder beetles
  8 anacondas
  3 centaur warriors
  A dancing weapon (Elf:1)
  3 death yaks (IceCv)
  7 two-headed ogres
  9 alligators
  A tengu warrior (D:13)
  A soul eater (Gauntlet)
  2 spriggans (Swamp:4)
  5 shock serpents
  3 naga sharpshooters
  Sonja (D:11)
  5 deep elf knights (Elf:1)
  Nergalle (Lair:3)
  2 salamander mystics
  2 spectral death yaks (Lair:6)
  2 skeletal warriors (D:10)
  5 goliath frogs
  5 bog bodies
  A spectral anaconda (Lair:6)
  A spriggan druid (Swamp:3)
  2 naga ritualists
  2 shadow demons
  A wizard (D:15)
  An orc knight (D:14)
  5 swamp dragons
  2 deep elf archers (Elf:1)
  5 necromancers
  A lindwurm (Lair:6)
  6 deep elf zephyrmancers
  3 deep elf pyromancers
  5 mana vipers
  5 orc sorcerers
  4 cyclopes
  8 salamanders
  A will-o-the-wisp (Swamp:3)
  3 manticores
  6 ugly things (D:15)
  An ice statue (IceCv)
  18 elephants
  A guardian serpent (Snake:1)
  24 black mambas
  A dire elephant zombie (Lair:6)
  A centaur skeleton (D:15)
  4 naga magi
  10 cane toads
  2 gargoyles
  3 kobold demonologists
  4 rime drakes
  2 tengu conjurers
  2 efreet
  14 komodo dragons
  2 yaktaurs (D:14)
  A harpy zombie (D:15)
  8 trolls
  A jumping spider (D:15)
  11 polar bears
  3 meliai (D:14)
  2 wolf spider simulacra
  2 hornets (Swamp:4)
  7 blink frogs (Lair:6)
  9 tyrant leeches
  4 slime creatures
  A spectral elephant (Lair:6)
  15 dream sheep
  2 centaur simulacra
  2 redbacks (D:15)
  2 wraiths
  A ynoxinul (Gauntlet)
  3 air elementals (Elf:1)
  7 shadows
  3 vampires
  4 wyverns
  Eustachio (D:5)
  A hog (Swamp:2)
  62 yaks
  6 basilisks
  2 steam dragons
  2 spectral cane toads (Lair:6)
  A redback simulacrum (Gauntlet)
  3 death yak simulacra (Lair:6)
  6 vampire mosquitoes
  14 swamp worms
  4 acid dragons
  A hydra simulacrum (Gauntlet)
  17 nagas
  4 wargs
  20 water moccasins
  A sky beast (D:3)
  9 swamp drakes
  38 orc warriors
  An ice beast (D:6)
  A black bear (D:5)
  An elephant zombie (Lair:6)
  2 necrophages
  30 wolves
  5 ogres
  3 centaurs
  A phantom (D:5)
  4 elephant skeletons (Lair:6)
  9 kobold brigands
  13 bullfrogs
  2 scorpions
  A wyvern skeleton (D:7)
  A water moccasin zombie (D:5)
  An elephant simulacrum (Lair:6)
  9 killer bees
  14 wights
  A howler monkey (D:13)
  11 centaur zombies
  A hound (D:7)
  A jelly (shapeshifter) (D:9)
  6 jellies
  20 orc priests
  3 bullfrog skeletons
  2 iron imps (Gauntlet)
  3 iguanas
  19 orc wizards
  2 hound skeletons (D:4)
  A howler monkey skeleton (D:6)
  3 gnolls (D:4)
  8 adders
  5 shadow imps
  A white imp (D:15)
  An adder skeleton (D:5)
  3 worms (D:1)
  4 dart slugs
  89 orcs
  7 ball pythons
  11 endoplasms
  6 giant cockroaches
  4 goblins
  6 hobgoblins
  4 jackals
  5 bats
  2 frilled lizards
  32 kobolds
  7 rats
  A briar patch (D:10)
956 creatures vanquished.

Vanquished Creatures (others)
  A hydra (Swamp:4)
  2 bloated husks (Swamp:1)
  5 humans (Swamp:2)
  A swamp drake (Swamp:1)
  5 bushes
  44 fungi
  50 plants
  25 withered plants
133 creatures vanquished.

Grand Total: 1089 creatures vanquished

Notes
Turn   | Place    | Note
-------+----------+-------------------------------------------
     0 | D:1      | doobhtoobh the Kobold Enchanter began the quest for the
                  | Orb.
     0 | D:1      | Reached XP level 1. HP: 10/10 MP: 3/3
     1 | D:1      | Found a runed translucent door.
   225 | D:1      | Reached XP level 2. HP: 15/15 MP: 5/5
   229 | D:1      | Learned a level 2 spell: Ensorcelled Hibernation
   241 | D:1      | Found a faded altar of an unknown god.
  1062 | D:1      | Reached XP level 3. HP: 19/19 MP: 1/6
  1614 | D:2      | Found Wyuw Gon's Antique Armour Emporium.
  1637 | D:2      | Found Eraonn's Book Emporium.
  1709 | D:2      | Reached XP level 4. HP: 24/24 MP: 0/7
  1833 | D:2      | Found Cottux's Book Boutique.
  1880 | D:2      | Found Qeve Los's Jewellery Shoppe.
  1907 | D:2      | Reached skill level 5 in Stealth
  2039 | D:2      | Learned a level 3 spell: Confusing Touch
  2610 | D:3      | Noticed a sky beast
  3054 | D:3      | Found a white marble altar of Elyvilon.
  3141 | D:3      | HP: 1/24 [bat (1)]
  3423 | D:3      | Found a snail-covered altar of Cheibriados.
  4059 | D:3      | Killed a sky beast
  4060 | D:3      | Reached XP level 5. HP: 17/28 MP: 5/9
  4060 | D:3      | Reached XP level 6. HP: 19/32 MP: 5/10
  4283 | D:3      | Found a glowing golden altar of the Shining One.
  4632 | D:4      | Found the +7 Spriggan's Knife {stab, EV+4 Stlth+}
  4636 | D:4      | Reached skill level 6 in Stealth
  4859 | D:4      | Found an ornate altar of the Wu Jian Council.
  4975 | D:4      | Noticed an ogre
  4987 | D:4      | Killed an ogre
  4988 | D:4      | Reached skill level 5 in Short Blades
  4988 | D:4      | Reached XP level 7. HP: 36/36 MP: 5/11
  5491 | D:5      | Entered Level 5 of the Dungeon
  5515 | D:5      | Found a shadowy altar of Dithmenos.
  5517 | D:5      | Found a radiant altar of Vehumet.
  5517 | D:5      | Found a sacrificial altar of Ru.
  5519 | D:5      | Found an opulent altar of Gozag.
  5520 | D:5      | Became a worshipper of Dithmenos the Shadowed
  5521 | D:5      | Found an iron altar of Okawaru.
  5522 | D:5      | Found a glowing silver altar of Zin.
  5628 | D:5      | Reached skill level 7 in Stealth
  5733 | D:5      | Found Ilin's Antique Weapon Shop.
  5793 | D:5      | Found a staircase to the Ecumenical Temple.
  5798 | Temple   | Entered the Ecumenical Temple
  6072 | D:5      | Reached skill level 1 in Fighting
  6165 | D:4      | Reached XP level 8. HP: 43/43 MP: 10/13
  6255 | D:5      | Noticed Eustachio
  6259 | D:5      | Killed Eustachio
  6280 | D:5      | Reached skill level 8 in Stealth
  6437 | D:5      | Reached skill level 5 in Dodging
  6670 | D:6      | Noticed a yak
  6671 | D:6      | Killed a yak
  6672 | D:6      | Reached skill level 1 in Armour
  6672 | D:6      | Reached skill level 5 in Hexes
  6672 | D:6      | Reached XP level 9. HP: 44/49 MP: 12/16
  6675 | D:6      | Reached * piety under Dithmenos
  6729 | D:6      | Reached skill level 5 in Spellcasting
  8155 | D:7      | Reached skill level 1 in Ice Magic
  8523 | D:7      | Reached XP level 10. HP: 56/57 MP: 19/19
  8823 | D:2      | Bought a book of Burglary for 392 gold pieces
  8830 | D:2      | Learned a level 6 spell: Invisibility
  9028 | D:8      | Reached ** piety under Dithmenos
  9286 | D:8      | Reached skill level 5 in Fighting
 10087 | D:9      | Found Nisumot's Magic Scroll Shop.
 10092 | D:9      | Bought a scroll of identify for 28 gold pieces
 10092 | D:9      | Bought a scroll of identify for 28 gold pieces
 10194 | D:9      | Found a shimmering altar of Xom.
 10195 | D:9      | Found a shimmering altar of Xom.
 10198 | D:9      | Found a shimmering altar of Xom.
 10198 | D:9      | Found a shimmering altar of Xom.
 10199 | D:9      | Found a shimmering altar of Xom.
 10199 | D:9      | Found a shimmering altar of Xom.
 10253 | D:9      | Found a staircase to the Orcish Mines.
 10496 | D:9      | Reached skill level 9 in Stealth
 10764 | D:9      | Reached *** piety under Dithmenos
 10783 | D:9      | Reached XP level 11. HP: 55/66 MP: 17/20
 10841 | D:9      | Noticed a six-headed hydra
 10843 | D:9      | Killed a six-headed hydra
 10869 | D:9      | Identified the +4 robe of the Monkey's Uncle {*Corrode rN+
                  | Str+5 Archmagi}
 10869 | D:9      | Noticed a centaur warrior
 10887 | D:9      | Killed a centaur warrior
 11384 | Orc:1    | Entered Level 1 of the Orcish Mines
 11417 | Orc:1    | Found a shimmering altar of Xom.
 11456 | Orc:1    | Learned a level 3 spell: Swiftness
 11560 | Orc:1    | Learned a level 3 spell: Mephitic Cloud
 11568 | Orc:2    | Entered Level 2 of the Orcish Mines
 11610 | Orc:2    | Noticed an orc sorcerer
 11635 | Orc:2    | Killed an orc sorcerer
 12215 | Orc:2    | Reached **** piety under Dithmenos
 12601 | Orc:2    | Found Xut Igu's Distillery.
 12638 | Orc:2    | Reached skill level 10 in Stealth
 12756 | Orc:2    | Noticed Nessos
 12761 | Orc:2    | Killed Nessos
 12870 | Orc:2    | Noticed Saint Roka
 12894 | Orc:2    | Killed Saint Roka
 12895 | Orc:2    | Reached skill level 5 in Armour
 12895 | Orc:2    | Reached skill level 10 in Hexes
 12895 | Orc:2    | Reached XP level 12. HP: 45/73 MP: 19/22
 13083 | Orc:2    | Found Wacu Udi's Antique Weapon Shoppe.
 13083 | Orc:2    | Found Savaiff's Antique Armour Emporium.
 13168 | Orc:2    | Found a staircase to the Elven Halls.
 13200 | Orc:2    | Reached skill level 11 in Stealth
 13243 | Orc:2    | Reached ***** piety under Dithmenos
 13252 | Orc:2    | Found Nuiffeso's Magic Scroll Boutique.
 13257 | Orc:2    | Bought a scroll of identify for 28 gold pieces
 13257 | Orc:2    | Bought a scroll of identify for 28 gold pieces
 13763 | Orc:2    | Bought a pair of glowing boots for 262 gold pieces
 13974 | D:10     | Entered Level 10 of the Dungeon
 13980 | D:9      | Bought a scroll of enchant armour for 105 gold pieces
 14038 | D:10     | Found a transporter.
 14038 | D:10     | Found the macabre finger necklace {rN+}
 14058 | D:10     | Found a transporter.
 14069 | D:10     | Reached skill level 1 in Invocations
 14206 | D:10     | Found a runed translucent door.
 14208 | D:10     | Noticed a skeletal warrior
 14213 | D:10     | Noticed a frost giant
 14216 | D:10     | Found a runed translucent door.
 14222 | D:10     | Noticed a skeletal warrior
 14693 | D:10     | Found a staircase to the Lair.
 14726 | D:10     | Reached XP level 13. HP: 78/78 MP: 7/23
 15062 | D:10     | Noticed a lich
 15063 | D:10     | Noticed 0gre's ghost (journeyman GnCj)
 15432 | D:11     | Noticed Sonja
 15435 | D:11     | Killed Sonja
 15500 | D:11     | Noticed a seven-headed hydra
 15512 | D:11     | Killed a seven-headed hydra
 15594 | D:11     | Noticed a five-headed hydra
 15597 | D:11     | Killed a five-headed hydra
 15845 | D:12     | Noticed a boulder beetle
 15857 | D:12     | Killed a boulder beetle
 15858 | D:12     | Reached skill level 10 in Short Blades
 15940 | D:12     | Reached skill level 1 in Throwing
 15975 | D:12     | Noticed a boulder beetle
 15980 | D:12     | Killed a boulder beetle
 15981 | D:12     | Reached skill level 5 in Invocations
 16235 | D:12     | Reached skill level 10 in Dodging
 16284 | D:12     | Noticed a boulder beetle
 16286 | D:12     | Killed a boulder beetle
 16303 | D:12     | Reached skill level 12 in Stealth
 16316 | D:12     | Noticed a centaur warrior
 16318 | D:12     | Killed a centaur warrior
 16437 | D:12     | Noticed a boulder beetle
 16438 | D:12     | Noticed a boulder beetle
 16439 | D:12     | Killed a boulder beetle
 16441 | D:12     | Killed a boulder beetle
 16442 | D:12     | Reached XP level 14. HP: 84/84 MP: 26/26
 16444 | D:12     | Identified the +6 scale mail of Hopscotch {rPois rF+ Int+3}
 16445 | D:12     | Identified the +1 pair of boots "Woadeh" {Rampage Dex+3}
 16481 | D:12     | Identified the +7 flail of the Shore {distort, rPois}
 16886 | D:13     | Reached skill level 1 in Evocations
 17711 | D:14     | Identified 2 scrolls of acquirement
 17977 | D:14     | Noticed Louise
 17979 | D:14     | Killed Louise
 18003 | D:14     | Found a gate to the Vaults.
 18071 | D:14     | Reached ****** piety under Dithmenos
 18206 | D:14     | Reached skill level 5 in Evocations
 18448 | D:15     | Entered Level 15 of the Dungeon
 18937 | Lair:1   | Entered Level 1 of the Lair of Beasts
 20235 | Lair:2   | Reached XP level 15. HP: 90/90 MP: 28/28
 20304 | Lair:2   | Found a staircase to the Swamp.
 20970 | Lair:3   | Noticed Nergalle
 20972 | Lair:3   | Killed Nergalle
 21924 | Lair:4   | Found a gate leading to a gauntlet.
 21930 | Gauntlet | Entered a Gauntlet
 21930 | Gauntlet | Found a transporter.
 21945 | Gauntlet | Found a transporter.
 21967 | Gauntlet | Found a transporter.
 21989 | Gauntlet | Found a transporter.
 21999 | Gauntlet | Found a transporter.
 22011 | Gauntlet | Found a transporter.
 22014 | Gauntlet | Found a runed translucent gate.
 22014 | Gauntlet | Found a runed translucent gate.
 22014 | Gauntlet | Found a runed translucent gate.
 22019 | Gauntlet | Found a transporter.
 22042 | Gauntlet | Found a transporter.
 22053 | Gauntlet | Found a transporter.
 22076 | Gauntlet | Found a transporter.
 22201 | Gauntlet | Found a transporter.
 22224 | Gauntlet | Found a transporter.
 22262 | Gauntlet | Identified the +0 helmet of the Cicada {rF+ Will+ Int+3}
 22345 | Gauntlet | Identified the +6 glaive "Ykhlin" {flame, Will+}
 22345 | Gauntlet | Identified the amulet "Kiseg" {Faith +Inv}
 22348 | Gauntlet | Reached skill level 1 in Conjurations
 22348 | Gauntlet | Reached skill level 1 in Air Magic
 22446 | Swamp:1  | Entered Level 1 of the Swamp
 22468 | Swamp:1  | Reached skill level 1 in Poison Magic
 22874 | Swamp:1  | Found a runed translucent gate.
 22874 | Swamp:1  | Found a runed translucent gate.
 22878 | Swamp:1  | Found a runed translucent gate.
 22946 | Swamp:1  | Noticed Flarelocke's ghost (journeyman TrBe)
 22959 | Swamp:1  | Killed Flarelocke's ghost
 23552 | Swamp:2  | Noticed Kirke
 23556 | Swamp:2  | Killed Kirke
 23557 | Swamp:2  | Reached XP level 16. HP: 97/97 MP: 29/29
 24419 | Swamp:3  | Reached skill level 10 in Fighting
 24497 | Swamp:3  | Reached skill level 10 in Spellcasting
 24550 | Swamp:3  | Acquired the +2 quick blade of Bifrux {drain, rElec Will++
                  | Int-2 Stlth+}
 24906 | Swamp:4  | Entered Level 4 of the Swamp
 24949 | Swamp:4  | Found a radiant altar of Vehumet.
 24951 | Swamp:4  | Noticed Nikola
 24961 | Swamp:4  | Killed Nikola
 25142 | Swamp:4  | Noticed Bai Suzhen
 25146 | Swamp:4  | Killed Bai Suzhen
 25668 | Swamp:4  | Noticed a thorn hunter
 25700 | Swamp:4  | Killed a thorn hunter
 25791 | Swamp:3  | Reached XP level 17. HP: 76/102 MP: 27/31
 26044 | Swamp:4  | Noticed a tentacled monstrosity
 26046 | Swamp:4  | Noticed a thorn hunter
 26063 | Swamp:4  | Noticed a thorn hunter
 26068 | Swamp:4  | Killed a thorn hunter
 26076 | Swamp:4  | Acquired Geim's Catalogue of the Birds
 26078 | Swamp:4  | Acquired the amulet of Guum {Spirit rF+ Will+}
 26113 | Swamp:4  | Killed a tentacled monstrosity
 26126 | Swamp:4  | Killed a thorn hunter
 26285 | Swamp:4  | Reached skill level 10 in Armour
 26285 | Swamp:4  | Reached skill level 13 in Stealth
 26424 | Swamp:4  | Noticed a thorn hunter
 26468 | Swamp:4  | Killed a thorn hunter
 26571 | Swamp:4  | Identified the ring "Asedeli" {rN+ Int+6 SInv}
 26587 | Swamp:4  | Got a decaying rune of Zot
 26971 | D:2      | Bought a manual of Translocations for 1120 gold pieces
 27038 | D:2      | Bought a buckler for 135 gold pieces
 27258 | Lair:4   | Found a staircase to the Snake Pit.
 27672 | Lair:4   | Reached skill level 1 in Shields
 28369 | Lair:5   | Found a frozen archway.
 28373 | IceCv    | Entered an ice cave
 29029 | IceCv    | Reached skill level 14 in Stealth
 29046 | IceCv    | Got the Compendium of Combat Magic and Clay
 29805 | Lair:5   | Found a staircase to the Slime Pits.
 30254 | Lair:6   | Entered Level 6 of the Lair of Beasts
 30426 | Lair:6   | Reached XP level 18. HP: 107/107 MP: 32/32
 30835 | Lair:6   | Reached skill level 5 in Shields
 32094 | Lair:6   | Reached skill level 15 in Stealth
 32675 | D:10     | Identified the +1 hat of Distant Worlds {Rampage}
 32807 | D:10     | Noticed a quicksilver dragon
 32807 | D:10     | a fenstrider witch changed into a quicksilver dragon
 32810 | D:10     | a quicksilver dragon changed into a sphinx
 32827 | D:10     | Reached skill level 1 in Translocations
 32886 | D:10     | Killed 0gre's ghost
 32975 | D:10     | Killed a lich
 32995 | D:10     | Upgraded the game from 0.27.1-33-g824d729ab1 to
                  | 0.27.1-34-g3ba077fa99
 33188 | Temple   | Fell from the grace of Dithmenos
 33188 | Temple   | Became a worshipper of Uskayaw the Reveller
 33382 | Snake:1  | Entered Level 1 of the Snake Pit
 33383 | Snake:1  | Reached * piety under Uskayaw
 33624 | Snake:1  | Reached ** piety under Uskayaw
 33628 | Snake:1  | Reached *** piety under Uskayaw
 33629 | Snake:1  | Reached **** piety under Uskayaw
 33675 | Snake:1  | Noticed Donald
 33678 | Snake:1  | Killed Donald
 33776 | Snake:1  | Reached skill level 5 in Translocations
 34378 | Snake:1  | Noticed Aizul
 34387 | Snake:1  | Killed Aizul
 34659 | Snake:1  | Identified the +7 flail of Trog's Pride {flame, rPois}
 34882 | Snake:2  | You fall into a shaft and drop 1 floor!
 35209 | Snake:3  | Reached skill level 15 in Dodging
 35211 | Snake:3  | Reached ***** piety under Uskayaw
 35223 | Snake:3  | Reached XP level 19. HP: 42/112 MP: 28/33
 36957 | Snake:2  | Found Kamp's Jewellery Shop.
 36988 | Snake:2  | Bought an amulet of faith for 440 gold pieces
 37151 | Snake:2  | Noticed a Tzitzimitl
 37905 | D:15     | Noticed Roxanne
 37917 | D:15     | Killed Roxanne
 38372 | D:15     | Reached skill level 10 in Translocations
 38504 | D:15     | Reached skill level 16 in Stealth
 38512 | D:15     | Found a staircase to the Depths.
 38840 | Elf:1    | Entered Level 1 of the Elven Halls
 38875 | Elf:1    | Reached ****** piety under Uskayaw
 39075 | Elf:1    | HP: 4/112 [deep elf annihilator/crystal spear (37)]
 39594 | Elf:1    | Reached skill level 10 in Invocations
 39649 | Elf:1    | Slain by an earth elemental

Illustrated notes

Levels and vault maps discovered:
D:1:      dpeg_arrival_caged_fury, layout_loops_ring, basic_ecumenical_altar
D:2:      layout_basic, serial_shops, nicolae_shop_waterfront,
          nicolae_shop_behind_doors, nicolae_diamond_shop, shop_fountains
D:3:      layout_loops_ring, mainiacjoe_overflow_concentric_impassable,
          mainiacjoe_overflow_chevrons, elyvilon_altar_5, minmay_surrounded
D:4:      layout_gridville, nzn_wu_jian_contemplation, minmay_misc_feat_iff
D:5:      layout_basic, grunt_temple_overflow_open, temple_doors_ab,
          serial_shops, nicolae_shop_stone, minmay_misc_feat_hallway,
          grunt_decor_arrowhead, minmay_misc_feat_tiny, uniq_eustachio
D:6:      minmay_inner_zag, layout_loops_ring, minmay_manual_maat
D:7:      layout_rooms
D:8:      layout_basic, grunt_ministairs_15
D:9:      layout_roguey, xom_redecorated, minmay_orc_entry_guard_dogs,
          serial_shops, nicolae_stop_n_shop_2, grunt_ministairs_6,
          wad_floor_pattern_untrapped, minmay_pinched_square
D:10:     gammafunk_worm_tunnel, layout_rooms, minmay_lair_entry_grove,
          muffindrake_ghost_dual_entry
D:11:     layout_loops_cross, corexii_corridor_pit, uniq_sonja
D:12:     minmay_concentric_multi, layout_long_grid, grunt_ministairs_12
D:13:     layout_basic
D:14:     layout_long_grid, david_vaults_2, special_room [special_room_orc],
          uniq_louise
D:15:     grunt_enter_depths_magical_seal, layout_long_grid,
          minmay_misc_feat_plants, serial_ice, serial_ice_o, serial_ice_d,
          serial_ice_e, serial_ice_m, uniq_roxanne
Temple:   minmay_temple_curvy_loop
Lair:1:   layout_misc_corridors, lemuel_fruit_tree, minmay_lair_oklob_chamber,
          serial_bayou_shore_a, grunt_megastairs_1, lemuel_fruit_fields,
          infiniplex_staircase_pool_2
Lair:2:   dragon1_lemuel, layout_long_grid, minmay_swamp_entry_worms,
          nzn_sisyphean_effort
Lair:3:   layout_cave_pods, uniq_nergalle
Lair:4:   layout_regular_city, minmay_snake_entry_guardpost_small,
          gauntlet_entry_generic
Lair:5:   layout_regular_city, nicolae_slime_entry_slimehenge,
          portal_ice_cave_entry_pillars_1
Lair:6:   due_jungle_book, layout_regular_city, grunt_megastairs_2,
          serial_bayou_shore_b
Swamp:1:  layout_falls_marsh, ebering_ghost_rock_garden,
          nicolae_swamp_little_swirl, hangedman_swamp_pad
Swamp:2:  layout_falls_marsh, nicolae_swamp_triple_paths, swamp_pool2,
          uniq_kirke
Swamp:3:  layout_basic_swamp, evilmike_swamp_ruin_house_2
Swamp:4:  swamp_basic_johnstein, layout_basic_swamp, swamp_pool1,
          nicolae_swamp_fairy_circle, nicolae_swamp_godswood,
          infiniplex_staircase_pool, uniq_bai_suzhen, uniq_nikola
Snake:1:  layout_honeycomb, uniq_aizul, uniq_donald
Snake:2:  layout_onion_interference, nicolae_shop_clearance, minmay_shop_star
Snake:3:  layout_gridlike
Orc:1:    layout_caves, basic_altar
Orc:2:    grunt_orc_community_town_hall, layout_diamond_mine,
          grunt_orc_community_big_house_2, grunt_orc_community_big_house_2,
          grunt_orc_community_house_3, grunt_orc_community_house_3,
          grunt_orc_community_house_3, grunt_orc_community_house_2,
          grunt_orc_community_house_2, grunt_orc_community_house_2, uniq_nessos
Elf:1:    nicolae_elf_arrival_aired_out, layout_loops_cross, orc_legates,
          lemuel_upstairs_altar, uniq_frances

Skill      XL: |  1  2  3  4  5  6  7  8  9 10 11 12 13 14 15 16 17 18 19 |
---------------+----------------------------------------------------------+-----
Short Blades   | 2 4 5 6 7 8 9 10 | 10.0
Stealth        | 5 6 7 8 9 10 11 12 14 15 16 | 16.4
Dodging        | 3 4 5 6 7 8 9 10 11 12 14 15 | 15.0
Spellcasting   | 3 4 6 7 8 9 10 | 10.0
Hexes          | 4 5 6 8 10 11 12 13 14 | 14.0
Fighting       | 1 2 4 6 8 9 10 | 10.0
Armour         | 1 2 3 5 6 7 9 10 | 10.6
Ice Magic      | 1 2 |  2.0
Invocations    | 2 6 8 10 | 10.0
Throwing       | 3 4 |  4.0
Evocations     | 6 8 |  8.0
Conjurations   | 3 4 |  4.0
Air Magic      | 3 |  3.0
Poison Magic   | 3 |  3.0
Shields        | 4 7 8 |  8.0
Translocations | 6 10 | 10.0

Action                   |  1- 3 |  4- 6 |  7- 9 | 10-12 | 13-15 | 16-18 | 19-21 || total
-------------------------+-------+-------+-------+-------+-------+-------+-------++-------
Melee: Dagger            |    80 |    94 |       |       |       |       |       ||   174
       Knife             |       |    10 |    91 |   395 |   299 |   593 |   240 ||  1628
       Quick blade       |       |       |       |       |       |     8 |       ||     8
Throw: Dart              |       |       |       |       |       |     2 |       ||     2
       Throwing net      |       |       |       |       |       |     1 |       ||     1
 Cast: Ensorcelled Hiber |    19 |    18 |     5 |     5 |       |       |       ||    47
       Confusing Touch   |       |     4 |    16 |    71 |    44 |   110 |    38 ||   283
       Invisibility      |       |       |       |       |     1 |     2 |     1 ||     4
Invok: Line Pass         |       |       |       |       |       |     2 |     2 ||     4
Evoke: Wand              |       |       |       |       |       |     1 |       ||     1
       Phial of floods   |       |       |       |       |       |     1 |       ||     1
  Use: Scroll            |     3 |     1 |     8 |     6 |    12 |    12 |     3 ||    45
       Potion            |       |       |       |     1 |       |     9 |     8 ||    18
 Stab: Sleeping          |    22 |    32 |    57 |   172 |   205 |   331 |   106 ||   925
       Distracted        |     2 |       |       |       |       |       |       ||     2
       Confused          |       |     2 |       |       |       |       |       ||     2
Armor: Robe              |     5 |    26 |       |    12 |    25 |    51 |       ||   119
       Steam dragon scal |       |       |     3 |    11 |       |       |       ||    14
       Pearl dragon scal |       |       |       |       |       |    29 |    54 ||    83
Dodge: Dodged            |    38 |    73 |    45 |   222 |    92 |   381 |    84 ||   935
Block: Buckler           |       |       |       |       |       |    87 |    66 ||   153
